 Dungeon Sprint DCSS version 0.20-a0-633-gff4aa5c (webtiles) character file.

207 Kidiri the Thaumaturge (level 5, -9/32 HPs)
             Began as a Deep Elf Fire Elementalist on Feb 11, 2017.
             Was an Initiate of Vehumet.
             Mangled by a sixfirhy (10 damage)
             ... summoned by a deep elf mage
             ... in the Dungeon (Sprint III: "The Ten Rune Challenge").
             The game lasted 00:05:18 (1052 turns).

Kidiri the Thaumaturge (Deep Elf Fire Elementalist) Turns: 1052, Time: 00:05:20

Health: -9/32      AC:  4    Str:  5    XL:     5   Next: 54%
Magic:  12/18      EV: 15    Int: 21    God:    Vehumet [......]
Gold:   46         SH:  0    Dex: 15    Spells: 0/21 levels left

rFire    . . .     SeeInvis .   q - +0 dagger
rCold    . . .     Gourm    .   a - +0 robe
rNeg     . . .     Faith    .   (no shield)
rPois    .         Spirit   .   (helmet restricted)
rElec    .         Reflect  .   (no cloak)
rCorr    .         Harm     .   (no gloves)
MR       .....     NoTele   +   (no boots)
Stlth    ++........             (no amulet)
Regen    0.1/turn               (no ring)
                                (no ring)

@: no status effects
A: horns 1, iridescent scales 1, MP-powered wands
a: Renounce Religion


You were in the Dungeon.
You worshipped Vehumet.
Vehumet was noncommittal.
You were not hungry.

You visited 1 branch You collected 46 gold pieces.

Inventory:

Hand Weapons
 q - a +0 dagger (weapon)
Armour
 a - a +0 robe (worn)
Scrolls
 i - a scroll of blinking
 j - 2 scrolls of torment
 k - a scroll of identify
 l - 2 scrolls of remove curse
Potions
 d - a potion of curing
 e - a potion of heal wounds
 f - a potion of haste
 g - 2 potions of magic
 h - a potion of berserk rage
 n - 3 potions of flight
Comestibles
 c - a bread ration


   Skills:
 + Level 3.4 Fighting
 + Level 0.0 Short Blades
 + Level 3.2 Armour
 + Level 5.6 Dodging
 - Level 2.4 Stealth
 * Level 8.7 Spellcasting
 + Level 4.7 Conjurations
 + Level 5.8 Fire Magic
 + Level 0.0 Air Magic
 + Level 0.0 Poison Magic


You couldn't memorise any spells.
You knew the following spells:

 Your Spells              Type           Power        Failure   Level  Hunger
a - Flame Tongue          Conj/Fire      ####.        1%          1    None
b - Throw Flame           Conj/Fire      ####..       1%          2    None
c - Conjure Flame         Conj/Fire      ####....     2%          3    None
d - Inner Flame           Hex/Fire       ###.....     10%         3    None
e - Sticky Flame          Conj/Fire      ####....     12%         4    ###....
f - Fireball              Conj/Fire      ####......   28%         5    #####..
g - Mephitic Cloud        Conj/Pois/Air  ###.....     14%         3    None


Dungeon Overview and Level Annotations

Branches:
Dungeon (1/1)

Altars:
Elyvilon
Kikubaaqudgha
Sif Muna
Vehumet
Zin
The Shining One


Innate Abilities, Weirdness & Mutations

You have a pair of small horns on your head.
You are partially covered in iridescent scales. (AC +2)
You expend magic power (3 MP) to strengthen your wands.


Message History

Press: ? - help, Shift-Dir - straight line, f/p - deep elf mage
Aim: a deep elf mage, wielding a long sword of holy wrath (moderately wounded, covered in liquid flames)
The flame tongue hits the deep elf mage.
The deep elf mage is heavily wounded.
The deep elf mage burns!
The sixfirhy barely misses you.
The deep elf mage hits you with a long sword of holy wrath.
Casting: Flame Tongue
Confirm with . or Enter, or press ? or * to list all spells.
Aiming: Flame Tongue
Press: ? - help, Shift-Dir - straight line, f/p - deep elf mage
Aim: a deep elf mage, wielding a long sword of holy wrath (severely wounded, covered in liquid flames)
The flame tongue hits the deep elf mage.
The deep elf mage is severely wounded.
The deep elf mage burns!
The sixfirhy hits you. The sixfirhy shocks you!
* * * LOW HITPOINT WARNING * * *
The sixfirhy closely misses you. The sixfirhy completely misses you.
The sixfirhy hits you.
* * * LOW HITPOINT WARNING * * *
The sixfirhy shocks you!
You die...

▓▓▓▓▓ ▓▓▓ #...####
##.#####
#......#####..#___#
#.......#..#..#e@.#
##.##...#..#..###3#+###+
##.###..##+#..#..........
###.##..###...'.⌠........
#..##..####...#...######+
...##[.###....#.⌠.#
..##...##.....#...#
.##....#......#+###
###..##.#.....#)[:#


You could see a deep elf mage (burning) and a sixfirhy.

Vanquished Creatures
  A water elemental (D)
  A scorpion (D)
  A wizard (D)
  Jessica (D)
  A kobold demonologist (D)
  A human (D)
  2 oozes (D)
  A rat (D)
9 creatures vanquished.

Vanquished Creatures (others)
  2 draconian scorchers (D)
  6 hellions (D)
  2 yaktaurs (D)
10 creatures vanquished.

Grand Total: 19 creatures vanquished

Notes
Turn   | Place    | Note
-------+----------+-------------------------------------------
     0 | D        | Kidiri the Deep Elf Fire Elementalist began the quest for the Orb.
     0 | D        | Reached XP level 1. HP: 10/10 MP: 6/6
    11 | D        | Reached skill level 4 in Spellcasting
    13 | D        | Killed a yaktaur
   106 | D        | Killed a hellion
   158 | D        | Killed a white draconian scorcher
   164 | D        | Killed a hellion
   166 | D        | Killed a hellion
   166 | D        | Killed a hellion
   192 | D        | Killed a hellion
   199 | D        | Killed a hellion
   238 | D        | Killed a white draconian scorcher
   310 | D        | Killed a yaktaur
   322 | D        | Reached skill level 1 in Fighting
   322 | D        | Reached XP level 2. HP: 7/16 MP: 3/9
   332 | D        | Learned a level 2 spell: Throw Flame
   521 | D        | Noticed Jessica
   524 | D        | Killed Jessica
   524 | D        | Reached skill level 1 in Armour
   524 | D        | Reached skill level 5 in Spellcasting
   524 | D        | Reached XP level 3. HP: 9/21 MP: 5/11
   529 | D        | Learned a level 3 spell: Conjure Flame
   533 | D        | Learned a level 3 spell: Inner Flame
   800 | D        | Noticed a scorpion
   803 | D        | Killed a scorpion
   803 | D        | Reached skill level 7 in Spellcasting
   803 | D        | Reached skill level 5 in Fire Magic
   803 | D        | Reached XP level 4. HP: 27/27 MP: 10/15
   809 | D        | Learned a level 4 spell: Sticky Flame
   830 | D        | Gained mutation: You can translocate small distances at will. [potion of mutation]
   830 | D        | Gained mutation: Your skin changes colour to match your surroundings (Stealth+). [potion of mutation]
   830 | D        | Gained mutation: You are covered in fur. (AC +1) [potion of mutation]
   831 | D        | Lost mutation: You can translocate small distances at will. [potion of mutation]
   831 | D        | Lost mutation: You are covered in fur. (AC +1) [potion of mutation]
   831 | D        | Gained mutation: Your flesh is cold resistant. (rC+) [potion of mutation]
   831 | D        | Gained mutation: You have large cloven feet. [potion of mutation]
   832 | D        | Lost mutation: Your flesh is cold resistant. (rC+) [potion of mutation]
   832 | D        | Gained mutation: You have a pair of small antennae on your head. [potion of mutation]
   832 | D        | Gained mutation: You are partially covered in iridescent scales. (AC +2) [potion of mutation]
   833 | D        | Lost mutation: You have a pair of small antennae on your head. [potion of mutation]
   833 | D        | Lost mutation: You have large cloven feet. [potion of mutation]
   833 | D        | Lost mutation: Your skin changes colour to match your surroundings (Stealth+). [potion of mutation]
   833 | D        | Gained mutation: You expend magic power (3 MP) to strengthen your wands. [potion of mutation]
   833 | D        | Gained mutation: You have a pair of small horns on your head. [potion of mutation]
   843 | D        | Noticed a water elemental
   848 | D        | Killed a water elemental
   848 | D        | Reached skill level 5 in Dodging
   848 | D        | Reached XP level 5. HP: 21/32 MP: 12/17
   954 | D        | Found a radiant altar of Vehumet.
   955 | D        | Found a deep blue altar of Sif Muna.
   955 | D        | Found an ancient bone altar of Kikubaaqudgha.
   958 | D        | Reached skill level 8 in Spellcasting
   971 | D        | Learned a level 5 spell: Fireball
   975 | D        | Learned a level 3 spell: Mephitic Cloud
   987 | D        | Became a worshipper of Vehumet
  1046 | D        | Found a glowing silver altar of Zin.
  1047 | D        | Found a glowing golden altar of the Shining One.
  1047 | D        | Found a white marble altar of Elyvilon.
  1047 | D        | Noticed a deep elf mage
  1050 | D        | Noticed a sixfirhy
  1052 | D        | HP: 1/32 [sixfirhy[a deep elf mage] (6)]
  1052 | D        | Mangled by a sixfirhy

Vault maps used:
D:        dungeon_sprint_mu

Skill      XL: |  1  2  3  4  5 |
---------------+----------------+-----
Spellcasting   | 4 5 7 8 |  8.7
Fighting       | 1 2 3 |  3.4
Dodging        | 3 4 5 |  5.6
Conjurations   | 2 3 4 |  4.7
Armour         | 1 2 3 |  3.2
Fire Magic     | 4 5 |  5.8
Stealth        | |  2.4

Action                   |  1- 3 |  4- 6 || total
-------------------------+-------+-------++-------
Melee: Dagger            |       |     1 ||     1
 Cast: Flame Tongue      |    27 |     8 ||    35
       Throw Flame       |     4 |       ||     4
       Conjure Flame     |     1 |       ||     1
       Sticky Flame      |       |     3 ||     3
  Use: Potion            |     1 |     4 ||     5
       Scroll            |       |     2 ||     2
  Eat: Royal jelly       |       |     2 ||     2
Armor: Robe              |       |     1 ||     1
Dodge: Dodged            |     6 |     7 ||    13
